Map: Acropolis LE

Players

LiquidSnute (Snute) - Winner!

  • Race: Zerg Zerg
  • League: Grandmaster
  • Spawn Location: 11:00

PtitDrogo

  • Race: Protoss Protoss
  • League: Master
  • Spawn Location: 5:00

Event: 2019 Assembly Summer

VOD

Have the link to the VOD?

Description

Time

  • Played on: Aug. 1, 2019, 7:50 a.m.
  • Length: 5:22

All games in this series

Show
View Real Time Build Order
Export as new Build Order

LiquidSnute Zerg - Winner!

Build Orders: Hatch First 

Get SALT Encoding   

  12  0:00  Drone  
  13  0:12  Overlord  
  13  0:16  Drone  
  14  0:30  Drone x2  
  14  0:34  Drone  
  17  0:51  Hatchery  
  17  0:54  Drone  
  17  0:57  Drone  
  18  1:08  Extractor  
  17  1:12  Spawning Pool  
  17  1:14  Drone  
  17  1:17  Drone  
  18  1:28  Drone  
  19  1:38  Drone  
  20  1:49  Hatchery, Drone  
  20  1:58  Queen  
  22  2:08  Queen  
  24  2:13  Metabolic Boost  
  24  2:18  Zergling x2  
  24  2:22  Overlord  
  25  2:25  Drone  
  25  2:27  Drone  
  27  2:30  Drone  
  27  2:35  Overlord  
  28  2:42  Queen  
  30  2:47  Zergling x4  
  32  2:55  Zergling x6  
  35  3:01  Drone  
  35  3:02  Drone  
  37  3:08  Zergling x8  
  40  3:13  Zergling x4  
  40  3:17  Zergling x4  
  44  3:25  Overlord, Zergling x4  
  44  3:26  Zergling x2  
  47  3:31  Zergling x2  
  48  3:38  Zergling x2  
  49  3:43  Zergling x4  
  49  3:48  Zergling x2  
  49  3:49  Zergling x8  
  49  3:53  Zergling x6  
  55  3:57  Zergling x2  
  55  4:00  Zergling x4  
  57  4:03  Zergling x2  
  57  4:06  Drone  
  57  4:13  Drone  
  57  4:16  Lair  
  56  4:18  Drone x2  
  58  4:24  Zergling x2  
  58  4:25  Overlord  
  56  4:32  Zergling x4  
  56  4:38  Overlord  
  57  4:41  Spore Crawler x2  
  55  4:46  Zergling x6  
  56  4:53  Zergling x6  
  56  4:58  Zergling x6  
  60  5:04  Zergling x6  
Show
View Real Time Build Order
Export as new Build Order

PtitDrogo Protoss 

Build Orders: 1 Gate Expand, Dark Templar Rush 

Get SALT Encoding   

  12  0:00  Probe  
  13  0:13  Probe  
  14  0:18  Pylon  
  14  0:24  Probe  
  15  0:28  Assimilator  
  15  0:33  Probe  
  15  0:41  Probe  
  16  0:47  Gateway  
  17  0:51  Probe  
  18  1:03  Probe  
  19  1:15  Probe  
  20  1:23  Nexus  
  20  1:34  Cybernetics Core  
  20  1:36  Probe  
  21  1:40  Assimilator  
  21  1:48  Probe  
  21  1:51  Pylon  
  22  2:00  Adept  
  22  2:01  Probe  
  23  2:13  Probe  
  23  2:14  Twilight Council  
  26  2:23  Probe  
  27  2:30  Stalker  
  27  2:31  Probe x2  
  31  2:39  Probe x2  
  33  2:48  Robotics Facility  
  33  2:49  Probe  
  34  2:53  Probe  
  35  3:01  Probe  
  36  3:06  Probe  
  36  3:12  Dark Shrine  
  37  3:13  Probe  
  37  3:18  Gateway  
  38  3:25  Warp Prism  
  38  3:26  Gateway  
  38  3:27  Gateway  
  38  3:37  Probe  
  38  3:38  Probe  
  42  3:46  Assimilator  
  42  3:50  Cybernetics Core  
  42  3:54  Gateway  
  42  3:55  Probe  
  44  4:04  Pylon  
  44  4:06  Pylon  
  44  4:07  Immortal  
  43  4:16  Gateway  
  46  4:23  Pylon  
  46  4:24  Dark Templar  
  46  4:28  Dark Templar  
  40  4:50  Probe  
Tags
 
Add a new tag
Caveats
  • Supply blocks, unpowered buildings, or Contaminate may cause inaccurate times.
  • Supply counts are checked every 10 seconds.